 Dungeon Crawl Stone Soup version 0.23-a0-449-g8e4cbf7 (webtiles) character file.

401 Lavandula the Gusty (level 6, 42/51 HPs)
             Began as a Naga Air Elementalist on Nov 22, 2018.
             Quit the game on level 5 of the Dungeon.
             The game lasted 00:07:14 (1209 turns).

Lavandula the Gusty (Naga Air Elementalist)         Turns: 1209, Time: 00:07:15

Health: 42/51      AC:  4    Str: 10    XL:     6   Next: 85%
Magic:  5/10       EV: 10    Int: 18    God:
Gold:   113        SH:  0    Dex: 11    Spells: 1/11 levels left

rFire    . . .     SeeInvis +   d - -1 quarterstaff (curse)
rCold    . . .     Gourm    .   (shield currently unavailable)
rNeg     . . .     Faith    .   a - +1 robe
rPois    +         Spirit   .   (no helmet)
rElec    .         Reflect  .   (no cloak)
rCorr    .         Harm     .   (no gloves)
MR       .....                  (no barding)
Stlth    ++........             (no amulet)
HPRegen  0.17/turn              (no ring)
MPRegen  0.12/turn              (no ring)

@: very slightly contaminated, very slow
A: large, see invisible, deformed body, poison resistance, slowness 2, slow
metabolism 1, spit poison 1, AC +2
a: Spit Poison


You were on level 5 of the Dungeon.
You were very hungry.

You visited 2 branches of the dungeon, and saw 6 of its levels.

You collected 113 gold pieces.

Inventory:

Hand Weapons
 d - a cursed -1 quarterstaff (weapon)
 f - a +0 short sword
 g - a +5 club
 j - a +0 falchion
 k - a +1 hand axe of freezing
Armour
 a - a +1 robe (worn)
Comestibles
 c - 4 rations


   Skills:
 + Level 1.0 Fighting
 - Level 1.5 Dodging
 - Level 3.0 Stealth
 - Level 3.0 Spellcasting
 - Level 1.0 Conjurations
 - Level 6.8 Air Magic


You had one spell level left.
You knew the following spells:

 Your Spells              Type           Power        Failure   Level  Hunger
a - Shock                 Conj/Air       ###.         3%          1    None
b - Swiftness             Chrm/Air       ###.....     6%          2    ##.....
c - Static Discharge      Conj/Air       ###.....     10%         3    ###....
d - Airstrike             Air            ####......   10%         4    ####...

Your spell library contained the following spells:

 Spells                   Type           Power        Failure   Level  Hunger
 Lightning Bolt           Conj/Air       ###.......   65%         5    ######.


Dungeon Overview and Level Annotations

Branches:
Dungeon (5/15)             Temple (1/1) D:5

Altars:
Cheibriados
Dithmenos
Elyvilon
Gozag
Hepliaklqana
Kikubaaqudgha
Makhleb
Nemelex Xobeh
Okawaru
Qazlal
Sif Muna
Trog
Vehumet
Wu Jian
Yredelemnul
The Shining One

Annotations:
D:2 Terence
D:5 1 runed door, Tooki's ghost, amateur DEWz


Innate Abilities, Weirdness & Mutations

You cannot wear boots.
Your serpentine skin is tough. (AC +2)
You have supernaturally acute eyesight. (SInv)
Armour fits poorly on your strangely shaped body.
Your system is resistant to poisons. (rPois)
You cover ground very slowly.
You have a slow metabolism.
You can spit poison.


Message History

The hound zombie is almost destroyed.
The hound zombie bites you.
Casting: Shock (safe; 3% risk of failure)
Confirm with . or Enter, or press ? or * to list all spells.
Aiming: Shock (safe; 3% risk of failure)
Press: ? - help, Shift-Dir - straight line The zap hits the hound zombie.
You destroy the hound zombie!
Your Fighting skill increases to level 1!
A worker ant comes into view.
A worker ant is nearby!
You hear the sound of rushing water.
There is an entrance to a sewer on this level.
Hurry and find it before the Level annotation: 1 runed door, Tooki's ghost, amateur DEWz Welcome back, Lavandula the Naga Air Elementalist.
Press ? for a list of commands and other information.
Unknown command.
Unknown command.
Unknown command.
Are you sure you want to abandon this character and quit the game? (Confirm

.a.########
..........#
..........#
..........+
..........#
..........#
..........#
#@..#######
#######...##....#
#...............#
#...............#
#...............#
#...............#
#...⌠...........#
#...............#
#.⌠.>.⌠.........#


You could see a worker ant (sleeping).

Vanquished Creatures
  Grinder (D:5)
  An orc priest (D:5)
  A hound (D:5)
  Jessica (D:3)
  An orc wizard (D:5)
  A hound zombie (D:5)
  3 adders
  2 oozes
  An adder skeleton (D:5)
  3 worms
  2 leopard geckos
  4 orcs
  A ball python (D:1)
  A giant cockroach (D:2)
  5 goblins
  3 hobgoblins
  2 jackals (D:2)
  2 bats
  A frilled lizard (D:3)
  3 kobolds
  A quokka zombie (D:5)
  3 rats
43 creatures vanquished.

Notes
Turn   | Place    | Note
-------+----------+-------------------------------------------
     0 | D:1      | Lavandula the Naga Air Elementalist began the quest for the
                  | Orb.
     0 | D:1      | Reached XP level 1. HP: 15/15 MP: 3/3
     6 | D:1      | Noticed a black mamba
     6 | D:1      | Noticed a redback
     7 | D:1      | Noticed a lindwurm
     7 | D:1      | Noticed a seven-headed hydra
   152 | D:1      | Reached XP level 2. HP: 7/22 MP: 0/5
   335 | D:2      | Reached XP level 3. HP: 24/28 MP: 3/7
   546 | D:2      | Noticed Terence
   555 | D:3      | Learned a level 2 spell: Swiftness
   615 | D:3      | Reached skill level 4 in Air Magic
   615 | D:3      | Reached XP level 4. HP: 16/36 MP: 4/8
   656 | D:3      | Noticed Jessica
   663 | D:3      | Killed Jessica
   754 | D:3      | Found a shadowy altar of Dithmenos.
   778 | D:5      | Entered Level 5 of the Dungeon
   801 | D:5      | Reached XP level 5. HP: 21/42 MP: 3/9
   803 | D:5      | Reached skill level 5 in Air Magic
   809 | D:5      | Found a runed door.
   809 | D:5      | Noticed Tooki's ghost (amateur DEWz)
   868 | D:5      | Noticed Grinder
   891 | D:5      | Paralysed by Grinder for 7 turns
   898 | D:5      | Killed Grinder
   898 | D:5      | Reached skill level 6 in Air Magic
   898 | D:5      | Reached XP level 6. HP: 22/49 MP: 0/10
   903 | D:5      | Learned a level 3 spell: Static Discharge
   908 | D:5      | Learned a level 4 spell: Airstrike
  1047 | D:5      | Found a staircase to the Ecumenical Temple.
  1054 | Temple   | Entered the Ecumenical Temple
  1206 | D:5      | Reached skill level 1 in Fighting
  1209 | D:5      | Quit the game

Vault maps used:
D:1:      onia_arrival_zoo_common
D:2:      kennysheep_generic_room_10, uniq_terence
D:3:      nicolae_dithmenos_shadow_blocks, gammafunk_ghost_grave, first_ration,
          kennysheep_generic_room_16, uniq_ijyb, uniq_jessica
D:5:      temple_fountains, ebering_ghost_inner_flame, gup_sewer_entry_glass,
          uniq_grinder
Temple:   regret_index_temple_waves

Skill      XL: |  1  2  3  4  5  6 |
---------------+-------------------+-----
Spellcasting   | 3 |  3.0
Air Magic      | 4 6 |  6.8
Fighting       | 1 |  1.0
Dodging        | |  1.5
Stealth        | |  3.0
Conjurations   | |  1.0

Action                   |  1- 3 |  4- 6 || total
-------------------------+-------+-------++-------
Melee: Unarmed           |     6 |       ||     6
       Quarterstaff      |     6 |     4 ||    10
 Cast: Shock             |    38 |    43 ||    81
 Abil: Spit Poison       |    20 |    11 ||    31
  Use: Potion            |       |     2 ||     2
       Scroll            |       |     4 ||     4
  Eat: Chunk             |       |     1 ||     1
Armor: Robe              |     8 |    11 ||    19
Dodge: Dodged            |    20 |    20 ||    40

Table legend:
 A = Non-vault XP
 B = Vault XP
 C = Vault XP percentage of total XP
 D = Non-vault monster count
 E = Vault monster count
 F = Vault count percentage of total count
                 A         B        C        D         E       F
            +---------+---------+-------+---------+---------+-------
      Total |     261 |     312 |  54.5 |      40 |       3 |   7.0
            +---------+---------+-------+---------+---------+-------
        D:1 |      24 |       0 |   0.0 |      12 |       0 |   0.0
        D:2 |      21 |       0 |   0.0 |      10 |       0 |   0.0
        D:3 |      46 |      40 |  46.5 |       7 |       2 |  22.2
        D:5 |     170 |     272 |  61.5 |      11 |       1 |   8.3
            +---------+---------+-------+---------+---------+-------
